Description

Bly proxy hatch to beat Clem in ESL 50

VOD

https://youtu.be/1RpcgiNR9xE?t=1780

Build Order

Get SALT Encoding   

  13  0:01  Drone  
  14  0:09  Drone  
  14  0:36  Hatchery  At terran's 3rd location
  13  0:50  Spawning Pool  
  12  0:54  Drone  
  13  0:58  Drone  
  14  1:06  Extractor, Drone  3 drones
  14  1:16  Extractor, Drone  3 drones
  14  1:20  Overlord  
  14  1:40  Roach Warren  
  13  1:43  Drone x2  
  15  1:51  Drone  
  16  2:02  Drone  
  17  2:20  Roach x3  At proxy
  23  2:28  Overlord  
Spawning Tool Build Advisor. Get it on Overwolf

Go to:

Details

  • Created by: Ptowns
  • Published on: Jan 16, 2021
  • Modified on: Jan 16, 2021
  • Patch: 4.11.0
  • Difficulty: Medium
Show
View Real Time Build Order
Export as new Build Order

Comments (0)

There are no comments. Be the first!

Create an account to comment!